TOP OF THE 1ST |
Great Lakes Loons batting - Pitching for Hagerstown Suns : LHP Johnny Busse
|
Pitching: LHP Johnny Busse
|
|
Batting: RHB Ruben Serrata
|
0-0: Ball 1-0: Ground out 6-3 (Groundball, 6, EV 88.8 MPH)
|
Batting: RHB Jason Baldwin
|
0-0: Ball 1-0: Called Strike 1-1: Ball 2-1: Ball 3-1: Base on Balls
|
Batting: RHB Eddie Perry
|
0-0: Called Strike 0-1: Ball Jason Baldwin steals 2nd base 1-1: 2-RUN HOME RUN (Flyball, 78XD, EV 106.2 MPH), Distance : 409 ft
|
Batting: RHB Steve Clark
|
0-0: Called Strike 0-1: DOUBLE (Line Drive, 9LS, EV 101.9 MPH)
|
Batting: SHB Xavier Alaniz
|
0-0: Foul Ball, location: 2F 0-1: Swinging Strike 0-2: Strikes out looking
|
Batting: RHB Justin Curran
|
0-0: Called Strike 0-1: Ball 1-1: Ground out U3 (Groundball, 3, EV 81.9 MPH)
|
Top of the 1st over - 2 runs, 2 hits, 0 errors, 1 left on base; Great Lakes 2 - Hagerstown 0 |
BOTTOM OF THE 1ST |
Hagerstown Suns batting - Pitching for Great Lakes Loons : RHP Pat Matera
|
Pitching: RHP Pat Matera
|
|
Now at 2B: Cory Bowler
|
|
Batting: RHB Bobby Bricker
|
0-0: Ground out 3-1 (Groundball, 34, EV 87.5 MPH)
|
Batting: RHB Leo Gutierrez
|
0-0: Called Strike 0-1: Fly out, F7 (Flyball, 7S, EV 84.4 MPH)
|
Batting: RHB Tylor Cyr
|
0-0: Foul Ball, location: 2F 0-1: Swinging Strike 0-2: Ball 1-2: Strikes out swinging
|
Bottom of the 1st over - 0 runs, 0 hits, 0 errors, 0 left on base; Great Lakes 2 - Hagerstown 0 |
TOP OF THE 2ND |
Great Lakes Loons batting - Pitching for Hagerstown Suns : LHP Johnny Busse
|
Batting: RHB Trevor Conklin
|
0-0: Called Strike 0-1: Ball 1-1: Foul Ball, location: 2F 1-2: Ground out 6-3 (Groundball, 6, EV 83.8 MPH)
|
Batting: LHB Jim Jardine
|
0-0: Ball 1-0: Ball 2-0: Ball 3-0: Swinging Strike 3-1: Swinging Strike 3-2: Strikes out swinging
|
Batting: LHB Cory Bowler
|
0-0: Ball 1-0: Ground out 4-3 (Groundball, 4, EV 88.8 MPH)
|
Top of the 2nd over - 0 runs, 0 hits, 0 errors, 0 left on base; Great Lakes 2 - Hagerstown 0 |
BOTTOM OF THE 2ND |
Hagerstown Suns batting - Pitching for Great Lakes Loons : RHP Pat Matera
|
Batting: LHB John Holst
|
0-0: Ball 1-0: Ball 2-0: Ball 3-0: Called Strike 3-1: Base on Balls
|
Batting: RHB John Savard
|
0-0: Fly out, F8 (Flyball, 8RM, EV 87.5 MPH)
|
Batting: LHB Vince McLane
|
0-0: Ball 1-0: Grounds into double play, 4-6-3 (Groundball, 4, EV 105.0 MPH)
|
Bottom of the 2nd over - 0 runs, 0 hits, 0 errors, 0 left on base; Great Lakes 2 - Hagerstown 0 |
TOP OF THE 3RD |
Great Lakes Loons batting - Pitching for Hagerstown Suns : LHP Johnny Busse
|
Batting: RHB Ruben Serrata
|
0-0: Ball 1-0: Ball 2-0: Foul Ball, location: 2F 2-1: Ball 3-1: Base on Balls
|
Batting: RHB Jason Baldwin
|
0-0: Called Strike 0-1: Ball 1-1: Called Strike 1-2: Ball Pickoff Play to 1st, Runner tries for 2nd, OUT after rundown. 2-2: Fly out, F3 (Line Drive, 34, EV 62.5 MPH)
|
Batting: RHB Eddie Perry
|
0-0: Ball 1-0: Ball 2-0: SINGLE (Groundball, 56D, EV 106.9 MPH)
|
Batting: RHB Steve Clark
|
0-0: Ball 1-0: DOUBLE (Flyball, 9LD, EV 91.9 MPH) Eddie Perry to third
|
Batting: SHB Xavier Alaniz
|
0-0: Foul Ball, location: 2F 0-1: Foul Ball, location: 2F 0-2: Ball Wild Pitch! Eddie Perry scores Steve Clark to third 1-2: Foul Ball, location: 2F 1-2: Strikes out swinging
|
Top of the 3rd over - 1 run, 2 hits, 0 errors, 1 left on base; Great Lakes 3 - Hagerstown 0 |
BOTTOM OF THE 3RD |
Hagerstown Suns batting - Pitching for Great Lakes Loons : RHP Pat Matera
|
Batting: RHB Jim Towle
|
0-0: Ball 1-0: Called Strike 1-1: Ball 2-1: Foul Ball, location: 2F 2-2: Ball 3-2: Strikes out swinging
|
Batting: LHB Yasuo Igarashi
|
0-0: Called Strike 0-1: Ball 1-1: Fly out, F9 (Flyball, 9, EV 85.6 MPH)
|
Batting: LHB Adam Jacobs
|
0-0: Called Strike 0-1: Foul Ball, location: 2F 0-2: Foul Ball, location: 2F 0-2: Ball 1-2: Ball 2-2: Ground out 3-1 (Groundball, 34, EV 90.0 MPH)
|
Bottom of the 3rd over - 0 runs, 0 hits, 0 errors, 0 left on base; Great Lakes 3 - Hagerstown 0 |
TOP OF THE 4TH |
Great Lakes Loons batting - Pitching for Hagerstown Suns : LHP Johnny Busse
|
Batting: RHB Justin Curran
|
0-0: Swinging Strike 0-1: Foul Ball, location: 2F 0-2: Ground out 5-3 (Groundball, 56, EV 110.6 MPH)
|
Batting: RHB Trevor Conklin
|
0-0: Foul Ball, location: 2F 0-1: Ground out 5-3 (Groundball, 56, EV 101.9 MPH)
|
Batting: LHB Jim Jardine
|
0-0: Ball 1-0: Ball 2-0: Ball 3-0: Called Strike 3-1: Base on Balls
|
Batting: LHB Cory Bowler
|
0-0: SINGLE (Groundball, 25, EV 66.2 MPH) (infield hit) Jim Jardine to second
|
Batting: RHB Ruben Serrata
|
0-0: Ball 1-0: Swinging Strike 1-1: Swinging Strike Passed Ball! Jim Jardine to third Cory Bowler to second 1-2: Ball 2-2: Foul Ball, location: 2F 2-2: DOUBLE (Groundball, 5L, EV 111.2 MPH) Jim Jardine scores Cory Bowler scores
|
Pitching: RHP Bastien Perrini
|
|
Batting: RHB Jason Baldwin
|
0-0: Called Strike 0-1: Fly out, F8 (Flyball, 89S, EV 92.5 MPH)
|
Top of the 4th over - 2 runs, 2 hits, 0 errors, 1 left on base; Great Lakes 5 - Hagerstown 0 |
BOTTOM OF THE 4TH |
Hagerstown Suns batting - Pitching for Great Lakes Loons : RHP Pat Matera
|
Batting: RHB Bobby Bricker
|
0-0: Ball 1-0: Foul Ball, location: 2F 1-1: Foul Ball, location: 2F 1-2: Ground out 3-1 (Groundball, 34S, EV 88.1 MPH)
|
Batting: RHB Leo Gutierrez
|
0-0: Foul Ball, location: 2F 0-1: Ball 1-1: Called Strike 1-2: Fly out, F9 (Flyball, 9LM, EV 84.4 MPH)
|
Batting: RHB Tylor Cyr
|
0-0: Ball 1-0: Swinging Strike 1-1: Ball 2-1: Foul Ball, location: 2F 2-2: Strikes out swinging, 2-3 out at first.
|
Bottom of the 4th over - 0 runs, 0 hits, 0 errors, 0 left on base; Great Lakes 5 - Hagerstown 0 |
TOP OF THE 5TH |
Great Lakes Loons batting - Pitching for Hagerstown Suns : RHP Bastien Perrini
|
Batting: RHB Eddie Perry
|
0-0: Called Strike 0-1: SINGLE (Line Drive, 4D, EV 93.8 MPH)
|
Batting: RHB Steve Clark
|
0-0: Foul Ball, location: 2F 0-1: Ball 1-1: Fielders Choice at 2nd, 6-4 (Groundball, 6, EV 85.0 MPH)
|
Batting: SHB Xavier Alaniz
|
0-0: Ball 1-0: Called Strike 1-1: Ball 2-1: Grounds into double play, 4-6-3 (Groundball, 4S, EV 77.5 MPH)
|
Top of the 5th over - 0 runs, 1 hit, 0 errors, 0 left on base; Great Lakes 5 - Hagerstown 0 |
BOTTOM OF THE 5TH |
Hagerstown Suns batting - Pitching for Great Lakes Loons : RHP Pat Matera
|
Batting: LHB John Holst
|
0-0: Swinging Strike 0-1: Ball 1-1: Fly out, F5 (Line Drive, 5L, EV 57.5 MPH)
|
Batting: RHB John Savard
|
0-0: Called Strike 0-1: Ground out 6-3 (Groundball, 6, EV 102.5 MPH)
|
Batting: LHB Vince McLane
|
0-0: Called Strike 0-1: Foul Ball, location: 2F 0-2: Foul Ball, location: 2F 0-2: Ball 1-2: Ground out 2-3 (Groundball, 2R, EV 68.8 MPH)
|
Bottom of the 5th over - 0 runs, 0 hits, 0 errors, 0 left on base; Great Lakes 5 - Hagerstown 0 |
TOP OF THE 6TH |
Great Lakes Loons batting - Pitching for Hagerstown Suns : RHP Bastien Perrini
|
Batting: RHB Justin Curran
|
0-0: Called Strike 0-1: Ball 1-1: Swinging Strike 1-2: Strikes out swinging
|
Batting: RHB Trevor Conklin
|
0-0: Ball 1-0: Foul Ball, location: 2F 1-1: Reached on error, E3 (Groundball, 34, EV 80.0 MPH)
|
Batting: LHB Jim Jardine
|
0-0: Called Strike 0-1: Called Strike 0-2: Ball 1-2: DOUBLE (Flyball, 8LD, EV 103.1 MPH) Trevor Conklin scores
|
Batting: LHB Cory Bowler
|
0-0: Ball 1-0: Swinging Strike 1-1: Ball 2-1: SINGLE (Line Drive, 6D, EV 97.5 MPH) Jim Jardine to third
|
Batting: RHB Ruben Serrata
|
0-0: Foul Ball, location: 2F 0-1: Called Strike Cory Bowler steals 2nd base 0-2: Strikes out swinging
|
Batting: RHB Jason Baldwin
|
0-0: Fly out, F6 (Popup, 56, EV 55.6 MPH)
|
Top of the 6th over - 1 run, 2 hits, 1 error, 2 left on base; Great Lakes 6 - Hagerstown 0 |
BOTTOM OF THE 6TH |
Hagerstown Suns batting - Pitching for Great Lakes Loons : RHP Pat Matera
|
Batting: RHB Jim Towle
|
0-0: Called Strike 0-1: SINGLE (Flyball, 8LS, EV 99.4 MPH)
|
Batting: LHB Yasuo Igarashi
|
0-0: Ball 1-0: Fielders Choice at 2nd, 5-4 (Groundball, 5, EV 83.8 MPH)
|
Batting: LHB Adam Jacobs
|
0-0: Ball Yasuo Igarashi steals 2nd, throwing error, E2 Yasuo Igarashi to third 1-0: Swinging Strike 1-1: Ground out U3 (Groundball, 3, EV 110.6 MPH)
|
Batting: RHB Bobby Bricker
|
0-0: Called Strike 0-1: Ball 1-1: Foul Ball, location: 2F 1-2: Foul Ball, location: 2F 1-2: Ball 2-2: Ball 3-2: Foul Ball, location: 2F 3-2: Foul Ball, location: 2F 3-2: Strikes out swinging
|
Bottom of the 6th over - 0 runs, 1 hit, 1 error, 1 left on base; Great Lakes 6 - Hagerstown 0 |
TOP OF THE 7TH |
Great Lakes Loons batting - Pitching for Hagerstown Suns : RHP Bastien Perrini
|
Batting: RHB Eddie Perry
|
0-0: Swinging Strike 0-1: SINGLE (Groundball, 56D, EV 105.0 MPH)
|
Batting: RHB Steve Clark
|
0-0: Ball 1-0: Ball 2-0: Ball 3-0: Called Strike 3-1: Base on Balls Eddie Perry to second
|
Batting: SHB Xavier Alaniz
|
0-0: Called Strike 0-1: Foul Ball, location: 2F 0-2: Ball 1-2: Strikes out swinging
|
Batting: RHB Justin Curran
|
0-0: Called Strike 0-1: Called Strike 0-2: Ball 1-2: Ball 2-2: Strikes out swinging
|
Batting: RHB Trevor Conklin
|
0-0: Called Strike 0-1: Called Strike 0-2: Ball 1-2: Ball 2-2: Strikes out swinging
|
Top of the 7th over - 0 runs, 1 hit, 0 errors, 2 left on base; Great Lakes 6 - Hagerstown 0 |
BOTTOM OF THE 7TH |
Hagerstown Suns batting - Pitching for Great Lakes Loons : RHP Pat Matera
|
Batting: RHB Leo Gutierrez
|
0-0: Ground out 6-3 (Groundball, 56, EV 103.8 MPH)
|
Batting: RHB Tylor Cyr
|
0-0: Ball 1-0: Foul Ball, location: 2F 1-1: Swinging Strike 1-2: Ball 2-2: Ball 3-2: Strikes out swinging
|
Batting: LHB John Holst
|
0-0: Called Strike 0-1: Called Strike 0-2: Strikes out looking
|
Bottom of the 7th over - 0 runs, 0 hits, 0 errors, 0 left on base; Great Lakes 6 - Hagerstown 0 |
TOP OF THE 8TH |
Great Lakes Loons batting - Pitching for Hagerstown Suns : RHP Bastien Perrini
|
Batting: LHB Jim Jardine
|
0-0: Ball 1-0: Ball 2-0: Called Strike 2-1: Called Strike 2-2: Strikes out looking
|
Batting: LHB Cory Bowler
|
0-0: Ball 1-0: Ball 2-0: Ball 3-0: Called Strike 3-1: Base on Balls
|
Pitching: RHP Danny Hoekenga
|
|
Batting: RHB Ruben Serrata
|
0-0: Called Strike Cory Bowler steals 2nd base 0-1: Called Strike 0-2: Ball 1-2: Ball 2-2: SINGLE (Groundball, 56D, EV 105.6 MPH) Cory Bowler to third Runner from 3rd tries for Home, SAFE, throw by LF to home Ruben Serrata to second
|
Batting: RHB Jason Baldwin
|
0-0: Ball 1-0: Ball 2-0: Called Strike 2-1: Ground out 4-3 (Groundball, 4, EV 82.5 MPH) Ruben Serrata to third
|
Batting: RHB Eddie Perry
|
0-0: Swinging Strike 0-1: Foul Ball, location: 2F 0-2: Ball 1-2: Ball 2-2: Foul Ball, location: 2F 2-2: Ball 3-2: Base on Balls
|
Batting: RHB Steve Clark
|
0-0: Fly out, F5 (Popup, 25F, EV 85.6 MPH)
|
Top of the 8th over - 1 run, 1 hit, 0 errors, 2 left on base; Great Lakes 7 - Hagerstown 0 |
BOTTOM OF THE 8TH |
Hagerstown Suns batting - Pitching for Great Lakes Loons : RHP Pat Matera
|
Pinch Hitting: LHB Elias Posada
|
0-0: Foul Ball, location: 2F 0-1: Called Strike 0-2: Foul Ball, location: 2F 0-2: Ball 1-2: Ball 2-2: Foul Ball, location: 2F 2-2: TRIPLE (Line Drive, 9LD, EV 103.8 MPH)
|
Batting: LHB Vince McLane
|
0-0: Ball 1-0: Ground out 3-1 (Groundball, 34, EV 81.2 MPH) Elias Posada scores
|
Pinch Hitting: LHB Chris Williams
|
0-0: Ball 1-0: Ball 2-0: SINGLE (Line Drive, 8RS, EV 91.2 MPH)
|
Batting: LHB Yasuo Igarashi
|
0-0: Ball 1-0: Foul Ball, location: 2F 1-1: Ground out 4-3 (Groundball, 34D, EV 101.9 MPH) Chris Williams to second
|
Batting: LHB Adam Jacobs
|
0-0: Ball 1-0: Ball 2-0: Ball 3-0: Called Strike 3-1: Called Strike 3-2: Strikes out looking
|
Bottom of the 8th over - 1 run, 2 hits, 0 errors, 1 left on base; Great Lakes 7 - Hagerstown 1 |
TOP OF THE 9TH |
Great Lakes Loons batting - Pitching for Hagerstown Suns : RHP Danny Hoekenga
|
Pitching: RHP Gareth Cutts
|
|
Now at SS: Joe Young
|
|
Now in LF: Vince McLane
|
|
Now in CF: Elias Posada
|
|
Batting: SHB Xavier Alaniz
|
0-0: Fly out, F8 (Flyball, 89D, EV 98.1 MPH)
|
Batting: RHB Justin Curran
|
0-0: Ground out 6-3 (Groundball, 6, EV 86.9 MPH)
|
Batting: RHB Trevor Conklin
|
0-0: Swinging Strike 0-1: Called Strike 0-2: Ball 1-2: Strikes out swinging
|
Top of the 9th over - 0 runs, 0 hits, 0 errors, 0 left on base; Great Lakes 7 - Hagerstown 1 |
BOTTOM OF THE 9TH |
Hagerstown Suns batting - Pitching for Great Lakes Loons : RHP Pat Matera
|
Batting: RHB Bobby Bricker
|
0-0: Ball 1-0: TRIPLE (Flyball, 78XD, EV 101.2 MPH)
|
Batting: RHB Leo Gutierrez
|
0-0: DOUBLE (Line Drive, 3D, EV 94.4 MPH) Bobby Bricker scores
|
Batting: RHB Tylor Cyr
|
0-0: Ball 1-0: Ball 2-0: Called Strike 2-1: SINGLE (Line Drive, 78S, EV 88.1 MPH) Leo Gutierrez to third
|
Batting: LHB John Holst
|
0-0: Foul Ball, location: 2F 0-1: Ball 1-1: Ball 2-1: Ball 3-1: Foul Ball, location: 2F 3-2: Base on Balls Tylor Cyr to second
|
Batting: LHB Elias Posada
|
0-0: Foul Ball, location: 2F 0-1: Swinging Strike 0-2: Ball 1-2: Ball 2-2: Strikes out swinging
|
Batting: LHB Vince McLane
|
0-0: Foul Ball, location: 2F 0-1: Ball 1-1: Swinging Strike 1-2: Ball 2-2: Ball 3-2: Foul Ball, location: 2F 3-2: Fielders Choice at 2nd, 6-4 (Groundball, 6MS, EV 91.9 MPH) Leo Gutierrez scores Tylor Cyr to third
|
Pitching: RHP Adonis Loyd
|
|
Batting: RHB Joe Young
|
0-0: Called Strike 0-1: Reached on error, E6 (Groundball, 56D, EV 101.9 MPH) Tylor Cyr scores Vince McLane to third
|
Batting: LHB Yasuo Igarashi
|
0-0: Ball 1-0: Ball 2-0: Called Strike 2-1: TRIPLE (Line Drive, 89XD, EV 110.6 MPH) Vince McLane scores Joe Young scores
|
Pinch Runner at 3rd Alex Medina:
|
|
Batting: LHB Adam Jacobs
|
0-0: Swinging Strike 0-1: Ball 1-1: Called Strike 1-2: Foul Ball, location: 2F 1-2: Ball 2-2: Ball 3-2: Ground out 4-3 (Groundball, 34, EV 87.5 MPH)
|
Bottom of the 9th over - 5 runs, 4 hits, 1 error, 1 left on base; Great Lakes 7 - Hagerstown 6 |
|